 Dungeon Crawl Stone Soup version 0.17.1-3-g152610e (webtiles) character file.

102 JarielCorvus the Magician (level 4, -4/24 HPs)
             Began as a Deep Elf Wizard on Mar 11, 2016.
             Slain by Grinder (5 damage)
             ... while paralysed by Grinder
             ... on level 3 of the Dungeon.
             The game lasted 00:08:20 (2492 turns).

JarielCorvus the Magician (Deep Elf Wizard)         Turns: 2492, Time: 00:08:20

Health: -4/24      AC:  4    Str:  5    XL:     4   Next: 50%
Magic:  9/14       EV:  2    Int: 23    God:
Gold:   110        SH:  0    Dex: 13    Spells: 6 memorised, 3 levels left

rFire  . . .     SeeInvis .     g - +0 dagger
rCold  . . .     Clarity  .     a - +1 robe
rNeg   . . .     SustAt   .     (no shield)
rPois  .         Gourm    .     b - +0 hat
rElec  .         Spirit   .     (no cloak)
rCorr  .         Warding  .     s - +0 pair of gloves
rMut   .         Stasis   .     (no boots)
MR     .....                    (no amulet)
Stlth  ++........               (no ring)
                                (no ring)

@: paralysed, not resistant to hostile enchantments, unstealthy
A: no striking features
a: no special abilities


You were on level 3 of the Dungeon.
You were full.

You visited 1 branch of the dungeon, and saw 3 of its levels.

You collected 110 gold pieces.

Inventory:

Hand Weapons
 g - a +0 dagger (weapon)
Armour
 a - a +1 robe (worn)
 b - a +0 hat (worn)
 s - a +0 pair of gloves (worn)
Jewellery
 h - a cursed ring of teleportation
Scrolls
 l - a scroll of fog
 m - a scroll of identify
 p - 3 scrolls of teleportation
Potions
 i - 3 potions of curing
 q - 2 potions of haste
Books
 c - a book of Minor Magic

   Spells                             Type                      Level
   a - Magic Dart                     Conjuration                  1
   b - Blink                          Translocation                2
   c - Call Imp                       Summoning                    2
   d - Repel Missiles                 Charms/Air                   2
   e - Slow                           Hexes                        2
   f - Conjure Flame                  Conjuration/Fire             3
   g - Mephitic Cloud                 Conjuration/Poison/Air       3
Comestibles
 d - 2 bread rations
 f - 27 fruits
 j - a beef jerky
 o - 2 meat rations


   Skills:
 - Level 2.4 Dodging
 - Level 2.4 Stealth
 * Level 6.6 Spellcasting
 + Level 2.6 Conjurations
 - Level 1.1 Summonings
 - Level 1.1 Translocations


You had 3 spell levels left.
You knew the following spells:

 Your Spells              Type           Power        Failure   Level  Hunger
a - Magic Dart            Conj           ###.         2%          1    None
b - Blink                 Tloc           N/A          10%         2    None
c - Call Imp              Summ           ##......     10%         2    None
d - Repel Missiles        Chrm/Air       #.....       14%         2    None
e - Conjure Flame         Conj/Fire      ##......     17%         3    None
f - Mephitic Cloud        Conj/Pois/Air  ##......     17%         3    None


Dungeon Overview and Level Annotations

Branches:
Dungeon (3/15)

Altars:
Nemelex Xobeh

Annotations:
D:3 Grinder


Message History

Aiming: Magic Dart
Press: ? - help, Shift-Dir - straight line, f/p - Grinder
Aim: Grinder (lightly wounded)
The magic dart hits Grinder.
Grinder is lightly wounded.
Casting: Magic Dart
Confirm with . or Enter, or press ? or * to list all spells.
Aiming: Magic Dart
Press: ? - help, Shift-Dir - straight line, f/p - Grinder
Aim: Grinder (lightly wounded)
The magic dart hits Grinder.
Grinder is lightly wounded.
Grinder gestures at you.
You suddenly lose the ability to move!
Grinder hits you but does no damage. Grinder hits you!
You writhe in agony.
Grinder hits you!
* * * LOW HITPOINT WARNING * * *
You writhe in agony.
You die...

#.#######.###.#.#
#.# #.....#.# #.#
#######.# #.#####
#.# #####.....#
#.# #.(...###.#
#.# #.....# #.#
#.....# #.#
#...@.# #.#
......5.?# #.#
....$....# #..
.........# ###
....[.....
.........## ##
.......... #.# #.
###....... #.# #.
##.#### #.


You could see Grinder.

Vanquished Creatures
  A worker ant (D:1)
  3 adders
  3 giant geckos
  4 hobgoblins
  11 jackals
  2 ball pythons (D:1)
  5 bats
  A giant cockroach (D:2)
  6 goblins
  4 kobolds
  11 rats
51 creatures vanquished.

Notes
Turn   | Place    | Note
--------------------------------------------------------------
     0 | D:1      | JarielCorvus the Deep Elf Wizard began the quest for the Orb.
     0 | D:1      | Reached XP level 1. HP: 10/10 MP: 7/7
   411 | D:1      | Reached XP level 2. HP: 15/15 MP: 3/9
   415 | D:1      | Learned a level 2 spell: Blink
   418 | D:1      | Learned a level 2 spell: Call Imp
   421 | D:1      | Learned a level 2 spell: Repel Missiles
   491 | D:1      | Reached skill level 5 in Spellcasting
  1059 | D:1      | Reached XP level 3. HP: 16/19 MP: 4/11
  1159 | D:1      | Learned a level 3 spell: Conjure Flame
  1163 | D:1      | Learned a level 3 spell: Mephitic Cloud
  1522 | D:2      | Reached skill level 6 in Spellcasting
  1771 | D:2      | Reached XP level 4. HP: 24/24 MP: 11/14
  2071 | D:2      | Found a sparkling altar of Nemelex Xobeh.
  2484 | D:3      | Noticed Grinder
  2489 | D:3      | Paralysed by Grinder for 4 turns
  2492 | D:3      | HP: 1/24 [Grinder (9)]
  2492 | D:3      | Slain by Grinder

Action                   |  1- 3 |  4- 6 || total
-------------------------+-------+-------++-------
Melee: Unarmed           |    10 |       ||    10
       Dagger            |     5 |       ||     5
 Cast: Magic Dart        |    89 |    25 ||   114
       Conjure Flame     |     1 |       ||     1
       Mephitic Cloud    |       |     1 ||     1
  Use: Potion            |     3 |     2 ||     5
       Scroll            |     2 |     4 ||     6
  Eat: Chunk             |     2 |     1 ||     3
       Fruit             |       |     7 ||     7
